 Dungeon Crawl Stone Soup version 0.17.1-1-g73c8601 (console) character file.

526 Kloppie the Charmwright (level 7, 0/55 HPs)
             Began as a Human Skald on Dec 22, 2015.
             Slain by Gargoyl's ghost (11 damage)
             ... on level 4 of the Dungeon.
             The game lasted 00:09:17 (4346 turns).

Kloppie the Charmwright (Human Skald)               Turns: 4346, Time: 00:09:17

Health: 0/55       AC:  7    Str: 12    XL:     7   Next: 47%
Magic:  8/10       EV: 11    Int: 13    God:
Gold:   259        SH:  0    Dex: 14    Spells: 3 memorised, 5 levels left

rFire  + . .     SeeInvis .     a - +0 falchion
rCold  . . .     Clarity  .     v - +1 leather armour {rF+}
rNeg   + . .     SustAt   .     (no shield)
rPois  .         Gourm    .     t - +2 helmet
rElec  .         Spirit   .     (no cloak)
rCorr  .         Warding  .     (no gloves)
rMut   .         Stasis   .     (no boots)
MR     .....                    (no amulet)
Stlth  +.........               (no ring)
                                q - ring of positive energy

@: infused (expiring), not resistant to hostile enchantments, very unstealthy
A: no striking features
a: no special abilities


You were on level 4 of the Dungeon.
You were not hungry.

You visited 1 branch of the dungeon, and saw 4 of its levels.
You also visited: Sewer.

You collected 259 gold pieces.

Inventory:

Hand Weapons
 a - a +0 falchion (weapon)
 b - a +0 flail
Armour
 t - a +2 helmet (worn)
 v - a +1 leather armour of fire resistance (worn)
Jewellery
 q - a ring of positive energy (left hand)
Wands
 u - a wand of fireball (9)
Scrolls
 e - 2 scrolls of teleportation {unknown}
 f - a scroll of fear {unknown}
 j - a scroll of magic mapping {unknown}
 m - 2 scrolls of remove curse {unknown}
 s - a scroll of random uselessness {unknown}
Potions
 g - a potion of ambrosia
 i - 3 potions of brilliance
 k - 2 potions of curing
 n - 2 potions of heal wounds {unknown}
 p - a potion of magic
Books
 c - a book of Battle

   Spells                             Type                      Level
   a - Infusion                       Charms                       1
   b - Shroud of Golubria             Charms/Translocation         2
   c - Song of Slaying                Charms                       2
   d - Spectral Weapon                Hexes/Charms                 3
   e - Regeneration                   Charms/Necromancy            3
 r - a Young Poisoner's Handbook

   Spells                             Type                      Level
   a - Sting                          Conjuration/Poison           1
   b - Cure Poison                    Poison                       2
   c - Mephitic Cloud                 Conjuration/Poison/Air       3
   d - Olgreb's Toxic Radiance        Poison                       4
   e - Venom Bolt                     Conjuration/Poison           5
Comestibles
 d - a bread ration
 h - 3 chunks of flesh
 o - a fruit


   Skills:
 + Level 4.5 Fighting
 + Level 4.9 Long Blades
 - Level 1.0 Armour
 - Level 1.0 Dodging
 - Level 2.0 Spellcasting
 + Level 5.0 Charms


You had 5 spell levels left.
You knew the following spells:

 Your Spells              Type           Power        Failure   Level  Hunger
a - Infusion              Chrm           ##....       4%          1    ##.....
b - Song of Slaying       Chrm           ##......     8%          2    ###....
c - Shroud of Golubria    Chrm/Tloc      #.........   17%         2    ###....


Dungeon Overview and Level Annotations

Branches:
Dungeon (4/15)
 Temple: D:4-7

Altars:

Annotations:
D:4 Gargoyl's ghost, amateur DsAK


Message History

Gargoyl's ghost hits you but does no damage.
You hit Gargoyl's ghost.
Gargoyl's ghost is moderately damaged.
Gargoyl's ghost misses you.
You hit Gargoyl's ghost but do no damage.
Gargoyl's ghost is moderately damaged.
Gargoyl's ghost hits you.
* * * LOW HITPOINT WARNING * * *
Your leather armour prevents you from hitting Gargoyl's ghost.
Gargoyl's ghost is moderately damaged.
Gargoyl's ghost barely misses you.
You hit Gargoyl's ghost but do no damage.
Gargoyl's ghost is moderately damaged.
Gargoyl's ghost hits you!
* * * LOW HITPOINT WARNING * * *
Drink which item? (? for menu, Esc to quit)
You feel better.
Your magical infusion is running out.
Gargoyl's ghost hits you!
You die...

...#.# #.# ##.###.######
#####.######.###...........#
#.##................#..#
#.###........#.#....# #.#
#####......#.#..# ##.##
#.##...#.#..### ##...#
#.##.....#....# #..#.#
#W##..#######.# #....#
###@##.....#....# #.####
#........#.#..### #.#
#.#.###....#..# #.#
#.#...>.......# #.#
#.#####...>.### #.#
####.#####..#.##
#.####.........<...#
#....!.##.#####..### ###
#####..##.# #..#


You could see Gargoyl's ghost.

Vanquished Creatures
  Eustachio (D:4)
  A giant frog (Sewer)
  An orc priest (D:3)
  A hound (D:4)
  An orc wizard (D:3)
  A worker ant (D:4)
  8 adders
  A gnoll (D:4)
  A river rat (D:3)
  An ooze (D:3)
  3 worms (D:4)
  5 giant geckos
  10 orcs (D:3)
  8 giant cockroaches
  7 goblins
  10 hobgoblins
  2 jackals (D:2)
  4 kobolds
  A quokka (D:3)
  6 ball pythons
  4 bats
  12 giant newts
  13 rats
102 creatures vanquished.

Notes
Turn   | Place    | Note
--------------------------------------------------------------
     0 | D:1      | Kloppie the Human Skald began the quest for the Orb.
     0 | D:1      | Reached XP level 1. HP: 16/16 MP: 3/3
   204 | D:1      | Reached XP level 2. HP: 9/23 MP: 1/5
   985 | D:2      | Reached XP level 3. HP: 10/28 MP: 3/6
  1439 | D:2      | Reached XP level 4. HP: 26/34 MP: 7/7
  2011 | D:2      | Learned a level 2 spell: Song of Slaying
  2014 | D:2      | Learned a level 2 spell: Shroud of Golubria
  2200 | D:3      | Reached XP level 5. HP: 31/41 MP: 8/8
  2310 | D:3      | Found a glowing drain.
  2412 | Sewer    | Entered a sewer
  2667 | Sewer    | Reached skill level 4 in Charms
  2806 | Sewer    | Reached XP level 6. HP: 26/48 MP: 9/9
  3694 | D:4      | Noticed Eustachio
  3712 | D:4      | Killed Eustachio
  3712 | D:4      | Reached XP level 7. HP: 30/54 MP: 5/10
  4050 | D:4      | Reached skill level 5 in Charms
  4108 | D:4      | Noticed Gargoyl's ghost (amateur DsAK)
  4346 | D:4      | Slain by Gargoyl's ghost

Action                   |  1- 3 |  4- 6 |  7- 9 || total
-------------------------+-------+-------+-------++-------
Melee: Falchion          |   107 |   286 |    81 ||   474
 Cast: Infusion          |     3 |     1 |     2 ||     6
  Use: Scroll            |       |       |     5 ||     5
       Potion            |       |       |     1 ||     1
  Eat: Chunk             |     2 |     8 |     2 ||    12
